 Dungeon Crawl Stone Soup version 0.30.1-3-gfc49f6343a (webtiles) character file.

Game seed: 14897863780278296827

7996 Wiggles the Severer (level 11, -2/84 HPs)
             Began as a Minotaur Berserker on July 25, 2023.
             Was a High Priest of Trog.
             Slain by a cyan ugly thing (15 damage)
             ... on level 9 of the Dungeon.
             The game lasted 00:16:06 (7856 turns).

Wiggles the Severer (Minotaur Berserker)            Turns: 7856, Time: 00:16:07

Health: -2/84      AC: 19    Str: 27    XL:     11   Next: 4%
Magic:  10/10      EV:  7    Int:  4    God:    Trog [*****.]
Gold:   316        SH:  0    Dex:  9    Spells: 10/10 levels left

rFire   . . .        h - +7 battleaxe
rCold   . . .        (shield currently unavailable)
rNeg    . . .        p - +2 plate armour
rPois   .            (helmet restricted)
rElec   .            (no cloak)
rCorr   .            s - +0 pair of gloves {hurl}
SInv    +            v - +0 pair of boots
Will    .....        (no amulet) Stlth
                     m - ring of see invisible
HPRegen 0.34/turn    a - +4 ring of protection
MPRegen 0.12/turn

%: no passive effects
@: no status effects
A: horns 2, retaliatory headbutt
a: Renounce Religion, Berserk, Trog's Hand, Brothers in Arms


You were on level 9 of the Dungeon.
You worshipped Trog.
Trog was extremely pleased with you.
You visited 1 branch of the dungeon, and saw 12 of its levels.

You collected 532 gold pieces.
You spent 216 gold pieces at shops.

Inventory:

Hand Weapons
 h - a +7 battleaxe (weapon)
Missiles
 e - a throwing net (quivered)
Armour
 p - a +2 plate armour (worn)
 s - a +0 pair of gloves of hurling (worn)
 v - a +0 pair of boots (worn)
Jewellery
 a - a +4 ring of protection (right hand)
 m - a ring of see invisible (left hand)
 q - a ring of poison resistance
 x - an amulet of magic regeneration
Wands
 j - a wand of roots (10)
 k - a wand of quicksilver (10)
 t - a wand of mindburst (9)
 u - a wand of flame (21)
Scrolls
 b - 3 scrolls of fog
 g - 4 scrolls of teleportation
 l - a scroll of acquirement {unknown}
 n - a scroll of fear
 o - a scroll of identify
 r - a scroll of blinking
Potions
 c - 2 potions of brilliance
 d - a potion of attraction
 f - 2 potions of invisibility {unknown}
 i - 2 potions of flight {unknown}
 w - 5 potions of curing
 z - 2 potions of magic {unknown}


   Skills:
 - Level 4.0 Fighting
 + Level 19.5 Axes
 - Level 2.5 Armour
 - Level 2.3 Dodging
 + Level 2.9 Shields


You had 10 spell levels left.
You didn't know any spells.
Your spell library was empty.

Dungeon Overview and Level Annotations

Branches:
Dungeon (12/15)            Temple (0/1) D:7            Lair (0/5) D:8
    Orc: D:9-12

Altars:
Dithmenos
Ru
Sif Muna
Uskayaw
Wu Jian
The Shining One

Shops:
D:4 *   D:7 =


Innate Abilities, Weirdness & Mutations

You have a pair of horns on your head.
You reflexively headbutt those who attack you in melee.


Message History

a +0 dagger; a +0 robe; an orc corpse A cyan ugly thing comes into view.
There is a stone staircase leading down here.
You open the door.
You feel yourself speed up.
There is an open door here.
You close the door.
You recover from your berserk rage.
The cyan ugly thing gurgles horribly!
The cyan ugly thing barely misses you.
You hit the cyan ugly thing.
Your headbutt misses the cyan ugly thing.
The cyan ugly thing is lightly wounded.
You closely miss the cyan ugly thing.
The cyan ugly thing is lightly wounded.
The cyan ugly thing pecks you. The cyan ugly thing shocks you!
* * * LOW HITPOINT WARNING * * *
You hit the cyan ugly thing.
The cyan ugly thing is lightly wounded.
The cyan ugly thing pecks you but does no damage.
You hit the cyan ugly thing but do no damage.
The cyan ugly thing is lightly wounded.
You slice the cyan ugly thing!!
The cyan ugly thing is heavily wounded.
The cyan ugly thing pecks you but does no damage.
You hit the cyan ugly thing.
The cyan ugly thing is heavily wounded.
The cyan ugly thing barely misses you.
You closely miss the cyan ugly thing.
The cyan ugly thing is heavily wounded.
The cyan ugly thing pecks you but does no damage.
You slice the cyan ugly thing!! You headbutt the cyan ugly thing.
The cyan ugly thing is severely wounded.
You slash the cyan ugly thing!
Your headbutt misses the cyan ugly thing.
The cyan ugly thing is almost dead.
The cyan ugly thing pecks you.
* * * LOW HITPOINT WARNING * * *
The cyan ugly thing shocks you!
You die...

########### #...^.....#
##.........### ...........+>#
#.........#)# #.........#)#
##.~≈≈≈≈≈##.........#†#
...~~≈≈≈≈≈#.........#.#
~~~≈≈≈≈≈≈≈######@####.#######
..≈≈≈≈≈≈≈≈# #u# #.)......
~.~≈≈≈≈≈≈≈# #.# #.....##.
#.≈≈≈≈≈≈≈≈# ####.# #.u.♣..#
..~~~~≈≈~####~##.# #...♣ ...
#................# ....♣ .♣
##.....####~~~~~####.♣♣♣. ♣
.........)........... ♣.
#########)~~~~~~....# ♣ ♣♣


You could see a cyan ugly thing.

Vanquished Creatures
  Harold (D:9)
  A centaur warrior (D:9)
  2 two-headed ogres
  An ugly thing (D:11)
  Sigmund (D:2)
  8 yaks
  A vampire (D:9)
  3 wargs (D:8)
  3 sky beasts
  2 black bears
  4 orc warriors
  2 ogres
  A centaur (D:6)
  3 kobold brigands
  2 bullfrogs
  A scorpion (D:4)
  4 gnoll sergeants
  7 wights
  6 killer bees (D:9)
  An electric eel (D:9)
  3 howler monkeys
  5 orc priests
  A jelly (D:7)
  3 hounds (D:4)
  2 sleepcaps
  Jessica (D:2)
  An iguana (D:6)
  7 orc wizards
  22 gnolls
  7 adders
  2 worms
  A dart slug (D:4)
  34 orcs
  4 ball pythons
  7 endoplasms
  3 giant cockroaches (D:3)
  9 goblins
  3 hobgoblins
  2 jackals (D:4)
  22 kobolds
  4 quokkas
  2 bats (D:3)
  5 frilled lizards
  9 rats
213 creatures vanquished.

Notes
Turn   | Place    | Note
-------+----------+-------------------------------------------
     0 | D:1      | Wiggles the Minotaur Berserker began the quest for the Orb.
     0 | D:1      | Reached XP level 1. HP: 19/19 MP: 0/0
    68 | D:1      | Reached skill level 4 in Axes
    68 | D:1      | Reached XP level 2. HP: 6/27 MP: 1/1
   316 | D:1      | HP: 1/27 [rat (1)]
  1040 | D:2      | Noticed Sigmund
  1069 | D:2      | Reached XP level 3. HP: 33/33 MP: 2/2
  1095 | D:2      | Killed Sigmund
  1096 | D:2      | Reached skill level 7 in Axes
  1096 | D:2      | Reached XP level 4. HP: 40/40 MP: 3/3
  1096 | D:2      | Reached XP level 5. HP: 46/46 MP: 4/4
  1158 | D:2      | Noticed Jessica
  1166 | D:2      | Killed Jessica
  1346 | D:2      | Reached ** piety under Trog
  1968 | D:3      | Reached XP level 6. HP: 36/52 MP: 5/5
  2292 | D:3      | Reached skill level 8 in Axes
  2513 | D:4      | Found a sacrificial altar of Ru.
  2616 | D:4      | Reached skill level 9 in Axes
  2655 | D:4      | Reached XP level 7. HP: 58/59 MP: 6/6
  2670 | D:4      | Found a hide-covered altar of Uskayaw.
  2846 | D:4      | Found Maghaut's Assorted Antiques.
  2851 | D:4      | Bought a lead wand for 108 gold pieces
  2851 | D:4      | Bought a silver wand for 108 gold pieces
  3029 | D:4      | Reached *** piety under Trog
  3054 | D:4      | Found a shimmering blue altar of Sif Muna.
  3119 | D:5      | Entered Level 5 of the Dungeon
  3307 | D:5      | Reached skill level 10 in Axes
  4074 | D:6      | Reached skill level 11 in Axes
  4208 | D:6      | Reached XP level 8. HP: 53/66 MP: 7/7
  4315 | D:6      | Reached skill level 12 in Axes
  4435 | D:6      | Found an ornate altar of the Wu Jian Council.
  4685 | D:7      | Reached skill level 1 in Shields
  4692 | D:7      | Reached skill level 13 in Axes
  4908 | D:7      | Found a staircase to the Ecumenical Temple.
  5122 | D:7      | Reached XP level 9. HP: 71/71 MP: 8/8
  5159 | D:7      | Identified the staff of conjuration "Fixekh" {rPois}
  5371 | D:7      | Found Cuzup's Jewellery Shoppe.
  5473 | D:8      | Found a shadowy altar of Dithmenos.
  5516 | D:8      | Found a staircase to the Lair.
  5518 | D:8      | Reached skill level 14 in Axes
  5534 | D:8      | Reached **** piety under Trog
  5559 | D:8      | Reached skill level 15 in Axes
  6410 | D:9      | Found a glowing golden altar of the Shining One.
  6428 | D:9      | Reached skill level 16 in Axes
  6635 | D:9      | Reached XP level 10. HP: 76/78 MP: 9/9
  6646 | D:9      | Reached skill level 17 in Axes
  7145 | D:9      | Noticed Harold
  7161 | D:9      | Killed Harold
  7352 | D:9      | You fall into a shaft and drop 3 floors!
  7417 | D:11     | Reached ***** piety under Trog
  7418 | D:11     | Reached skill level 18 in Axes
  7442 | D:11     | Noticed a two-headed ogre
  7455 | D:11     | Killed a two-headed ogre
  7565 | D:11     | Noticed a green ugly thing
  7589 | D:11     | Killed a green ugly thing
  7696 | D:10     | Entered Level 10 of the Dungeon
  7761 | D:10     | Noticed a two-headed ogre
  7767 | D:10     | Killed a two-headed ogre
  7768 | D:10     | Reached skill level 19 in Axes
  7811 | D:9      | Noticed a centaur warrior
  7818 | D:9      | Killed a centaur warrior
  7819 | D:9      | Reached XP level 11. HP: 30/84 MP: 10/10
  7834 | D:9      | Noticed a cyan ugly thing
  7856 | D:9      | Slain by a cyan ugly thing

Illustrated notes

Levels and vault maps discovered:
D:1:      shiori_arrival_elements, layout_basic
D:2:      minmay_alternating_diamond, layout_rooms, uniq_sigmund, uniq_jessica
D:3:      layout_loops_cross
D:4:      layout_rooms, mainiacjoe_overflow_catch_the_wave,
          eat_drink_and_be_merry_uskayaw, serial_shops,
          nicolae_shop_rolling_square, kennysheep_generic_room_12
D:5:      layout_basic
D:6:      layout_cave_pools, nicolae_wu_jian_wuxing_cycle, eino_curves_03
D:7:      layout_basic, minmay_temple_entry_junction_2,
          minmay_shop_enchanted_jewellery, reono_crystal_passage
D:8:      layout_cave_pools, mainiacjoe_overflow_alcove_4,
          erik_lair_orcish_takeover
D:9:      layout_basic, tso_metal_star, kb_rosetta, uniq_harold
D:10:     layout_loops_corners, serial_shops, nicolae_shop_rolled_up
D:11:     layout_rooms, orc_david_3
D:12:     layout_irregular_city, serial_bayou, serial_bayou_pond_d,
          serial_bayou_ford_a, serial_bayou_shore_b, serial_bayou_lagoon_b,
          xom_teletrap_fun

Skill      XL: |  1  2  3  4  5  6  7  8  9 10 |
---------------+-------------------------------+-----
Fighting       | 4 |  4.0
Axes           | 4 7 9 11 13 16 19 | 19.5
Shields        | 1 2 |  2.9
Armour         | |  2.5
Dodging        | |  2.3

Action                     |  1- 3 |  4- 6 |  7- 9 | 10-12 || total
---------------------------+-------+-------+-------+-------++-------
  Melee: Hand axe          |    41 |   115 |    92 |       ||   248
         Headbutt          |     3 |    11 |    25 |    11 ||    50
         Battleaxe         |       |       |   103 |   101 ||   204
 Invoke: Berserk           |     1 |     1 |     2 |     5 ||     9
    Use: Scroll            |       |       |    21 |     1 ||    22
         Potion            |       |       |     2 |     6 ||     8
 Armour: Animal skin       |     4 |     1 |       |       ||     5
         Scale mail        |       |    19 |       |       ||    19
         Plate armour      |       |    41 |   171 |    82 ||   294
         Leather armour    |       |     1 |       |       ||     1
  Dodge: Dodged            |    26 |    53 |    86 |    54 ||   219
  Block: Kite shield       |       |       |    12 |       ||    12
